 Dungeon Sprint DCSS version 0.27-a0-412-g8dd771eca2 (webtiles) character file.

Game seed: 10093559854321034825

9855 Gaff the Impaler (level 11, -4/175 HPs)
             Began as a Minotaur Berserker on Feb 24, 2021.
             Was the Champion of Trog.
             Slain by a 12-headed hydra (12 damage)
             ... while paralysed by a floating eye
             ... in the Dungeon (Sprint I: "Red Sonja").
             The game lasted 00:13:23 (3136 turns).

Gaff the Impaler (Minotaur Berserker)               Turns: 3136, Time: 00:13:25

Health: -4/175     AC: 14    Str: 28    XL:     11   Next: 28%
Magic:  10/10      EV:  2    Int:  2    God:    Trog [******]
Gold:   60         SH:  0    Dex: 11    Spells: 10/10 levels left

rFire    . . .     SeeInvis .   v - +2 rapier (vorpal)
rCold    . . .     Faith    .   x - +3 warlock's mirror {reflect}
rNeg     . . .     Spirit   .   i - +4 scale mail {rPois}
rPois    +         Reflect  +   (helmet restricted)
rElec    .         Harm     .   w - scarf {+Inv}
rCorr    .         Rampage  .   y - +2 pair of gloves of Darkness {Str+4}
Will     .....     NoTele   +   (no boots)
Stlth    ..........             (no amulet)
HPRegen  0.39/turn              t - +4 ring of evasion
MPRegen  0.12/turn              (no ring)

@: paralysed, berserking
A: retaliatory headbutt, horns 2, blurry vision 2, deformed body, deterioration
1, dopey 1, subdued magic 2
a: Renounce Religion, Evoke Invisibility, Berserk, Trog's Hand, Brothers in Arms


You were in the Dungeon.
You worshipped Trog.
Trog was exalted by your worship.
You visited 1 branch You collected 1025 gold pieces.
You spent 965 gold pieces at shops.

Inventory:

Hand Weapons
 a - a +0 spear
 j - a +0 scythe
 l - a +0 shortbow
 r - a +0 dagger of venom
 u - a +5 antimagic glaive
 v - a +2 vorpal rapier (weapon)
 A - a +3 antimagic bardiche
 B - a +3 antimagic halberd
Missiles
 k - 26 sling bullets
 m - 36 arrows
 q - 33 stones
 s - 10 curare-tipped darts
Armour
 b - a +0 animal skin
 i - a +4 scale mail of poison resistance (worn)
 w - a scarf of invisibility (worn)
 x - the +3 warlock's mirror (worn) {reflect}
   (You bought it in a shop in the Dungeon)
 y - the +2 pair of gloves of Darkness (worn) {Str+4}
   (You bought it in a shop in the Dungeon)

   It affects your strength (+4).
Jewellery
 t - a +4 ring of evasion (left hand)
Wands
 p - a wand of flame (24)
Scrolls
 h - a scroll of blinking
 n - a scroll of amnesia {unknown}
 o - a scroll of random uselessness {unknown}
Potions
 c - 3 potions of curing
 d - a potion of heal wounds
 e - a potion of haste
 f - 2 potions of magic
 g - a potion of berserk rage
 z - a potion of degeneration


   Skills:
 + Level 17.2 Fighting
 + Level 4.8 Short Blades
 + Level 20.0 Polearms
 + Level 13.0 Armour
 + Level 10.4 Dodging
 + Level 2.7 Stealth
 + Level 2.1 Shields


You had 10 spell levels left.
You didn't know any spells.
Your spell library was empty.

Dungeon Overview and Level Annotations

Branches:
Dungeon (1/1)

Altars:
Cheibriados
Dithmenos
Elyvilon
Fedhas
Gozag
Hepliaklqana
Kikubaaqudgha
Makhleb
Nemelex Xobeh
Okawaru
Qazlal
Ru
Sif Muna
Trog
Uskayaw
Vehumet
Wu Jian
Xom
Yredelemnul
Zin
The Shining One
Jiyva
Lugonu

Shops:
D (*[=**[


Innate Abilities, Weirdness & Mutations

You reflexively headbutt those who attack you in melee.
You have a pair of horns on your head.
Scrolls take you longer to read.
Armour fits poorly on your strangely shaped body.
Your body sometimes deteriorates upon taking damage.
You are dopey. (Int -2)
Your spells are easier to cast, but less powerful.


Message History

The 12-headed hydra closely misses you. The 12-headed hydra bites you!
The 12-headed hydra bites you.
A red film seems to cover your vision as you go berserk!
You feel yourself moving faster!
You feel mighty!
The floating eye gazes piercingly through you!
You suddenly lose the ability to move!
The 12-headed hydra bites you. The 12-headed hydra barely misses you.
The 12-headed hydra bites you but does no damage.
The 12-headed hydra bites you. x2
The 12-headed hydra bites you but does no damage.
The 12-headed hydra bites you! The 12-headed hydra bites you.
The 12-headed hydra barely misses you.
The 12-headed hydra bites you but does no damage.
The 12-headed hydra barely misses you. The 12-headed hydra bites you.
The floating eye's stare focuses on you.
The 12-headed hydra bites you. The 12-headed hydra bites you! x2
The 12-headed hydra bites you but does no damage.
The 12-headed hydra bites you. x2
The 12-headed hydra bites you but does no damage.
The 12-headed hydra bites you.
* * * LOW HITPOINT WARNING * * *
The 12-headed hydra bites you but does no damage. x2
The 12-headed hydra bites you.
* * * LOW HITPOINT WARNING * * *
The 12-headed hydra bites you!
* * * LOW HITPOINT WARNING * * *
The floating eye gazes piercingly through you!
You shrug off the repeated paralysis!
The 12-headed hydra bites you but does no damage. x2
The 12-headed hydra bites you!
* * * LOW HITPOINT WARNING * * *
The 12-headed hydra bites you.
* * * LOW HITPOINT WARNING * * *
The 12-headed hydra bites you but does no damage.
The 12-headed hydra bites you!
* * * LOW HITPOINT WARNING * * *
The 12-headed hydra bites you.
* * * LOW HITPOINT WARNING * * *
The 12-headed hydra bites you!
You die...

#####################
..#..#§§§§§§§§§§@DG$#
..##'#§####.§§§§##$.+
..'.§#§# ##.§§## ##
###..§§# ###'#
##+#### #.# #..○..#
#.. #.^°.^+ ##.
###..^# .# #.^.# ##


You could see a 12-headed hydra and a floating eye.

Vanquished Creatures
  2 centaur warriors (D)
  Sonja (D)
  A deep troll (D)
  A lindwurm (D)
  5 shining eyes (D)
  A gargoyle (D)
  2 kobold demonologists (D)
  4 demonic crawlers (D)
  A slime creature (D)
  Sigmund (D)
  A yak (D)
  13 hogs (D)
  4 floating eyes (D)
  An ogre (D)
  A jelly (D)
  Ijyb (D)
40 creatures vanquished.

Vanquished Creatures (collateral kills)
  3 shining eyes (D)
  A floating eye (D)
4 creatures vanquished.

Vanquished Creatures (others)
  A gargoyle (D)
  2 ballistomycete spores (D)
3 creatures vanquished.

Grand Total: 47 creatures vanquished

Notes
Turn   | Place    | Note
-------+----------+-------------------------------------------
     0 | D        | Gaff the Minotaur Berserker began the quest for the Orb.
     0 | D        | Reached XP level 1. HP: 19/19 MP: 0/0
     1 | D        | Noticed Ijyb
    17 | D        | Killed Ijyb
    18 | D        | Reached skill level 5 in Fighting
    18 | D        | Reached skill level 5 in Polearms
    18 | D        | Reached XP level 2. HP: 29/29 MP: 1/1
    90 | D        | Noticed an ogre
    97 | D        | Killed an ogre
    98 | D        | Reached skill level 7 in Polearms
    98 | D        | Reached XP level 3. HP: 40/40 MP: 2/2
    98 | D        | Reached XP level 4. HP: 48/48 MP: 3/3
   148 | D        | Noticed Sigmund
   156 | D        | Killed Sigmund
   156 | D        | Reached ** piety under Trog
   157 | D        | Reached skill level 9 in Polearms
   157 | D        | Reached skill level 5 in Armour
   157 | D        | Reached skill level 5 in Dodging
   157 | D        | Reached XP level 5. HP: 58/58 MP: 4/4
   214 | D        | Found an ornate altar of the Wu Jian Council.
   214 | D        | Found a shimmering blue altar of Sif Muna.
   216 | D        | Found a radiant altar of Vehumet.
   220 | D        | Reached skill level 10 in Fighting
   220 | D        | Reached skill level 10 in Polearms
   220 | D        | Reached XP level 6. HP: 66/66 MP: 5/5
   225 | D        | Found Icoaghui's Jewellery Emporium.
   225 | D        | Found an ancient bone altar of Kikubaaqudgha.
   225 | D        | Found a hazy altar of Hepliaklqana.
   225 | D        | Found a stormy altar of Qazlal.
   225 | D        | Found a hide-covered altar of Uskayaw.
   225 | D        | Found a blossoming altar of Fedhas.
   225 | D        | Found a bloodstained altar of Trog.
   225 | D        | Found an iron altar of Okawaru.
   225 | D        | Found a basalt altar of Yredelemnul.
   225 | D        | Found a glowing golden altar of the Shining One.
   225 | D        | Found a snail-covered altar of Cheibriados.
   225 | D        | Found a sacrificial altar of Ru.
   225 | D        | Found a glowing silver altar of Zin.
   225 | D        | Found a shadowy altar of Dithmenos.
   225 | D        | Found a white marble altar of Elyvilon.
   225 | D        | Noticed a yak
   229 | D        | Killed a yak
   230 | D        | Reached skill level 11 in Polearms
   247 | D        | Found an opulent altar of Gozag.
   261 | D        | Found a sparkling altar of Nemelex Xobeh.
   276 | D        | Found a viscous altar of Jiyva.
   276 | D        | Found a corrupted altar of Lugonu.
   276 | D        | Noticed a slime creature
   277 | D        | Found a burning altar of Makhleb.
   277 | D        | Found a shimmering altar of Xom.
   282 | D        | Killed a slime creature
   282 | D        | Reached *** piety under Trog
   283 | D        | Reached skill level 12 in Polearms
   283 | D        | Reached XP level 7. HP: 75/75 MP: 6/6
   329 | D        | Noticed a kobold demonologist
   330 | D        | Noticed a kobold demonologist
   332 | D        | Noticed a soul eater
   332 | D        | Noticed an ice devil
   334 | D        | Killed a kobold demonologist
   335 | D        | Reached skill level 13 in Polearms
   341 | D        | Killed a kobold demonologist
   341 | D        | Reached **** piety under Trog
   342 | D        | Reached XP level 8. HP: 71/86 MP: 7/7
   491 | D        | Noticed a demonic crawler
   491 | D        | Noticed a demonic crawler
   491 | D        | Noticed a demonic crawler
   491 | D        | Noticed a demonic crawler
   496 | D        | Killed a demonic crawler
   497 | D        | Reached skill level 14 in Polearms
   499 | D        | Killed a demonic crawler
   503 | D        | Killed a demonic crawler
   503 | D        | Reached ***** piety under Trog
   504 | D        | Reached skill level 15 in Polearms
   506 | D        | Killed a demonic crawler
   507 | D        | Reached XP level 9. HP: 36/96 MP: 8/8
   807 | D        | Noticed a centaur warrior
   811 | D        | Noticed a centaur warrior
   816 | D        | Killed a centaur warrior
   817 | D        | Reached skill level 15 in Fighting
   817 | D        | Reached skill level 16 in Polearms
   820 | D        | Killed a centaur warrior
   821 | D        | Reached skill level 10 in Armour
   953 | D        | Noticed a deep troll
   958 | D        | Killed a deep troll
   959 | D        | Reached skill level 17 in Polearms
   959 | D        | Reached XP level 10. HP: 106/106 MP: 9/9
  1054 | D        | Noticed Sonja
  1061 | D        | Killed Sonja
  1062 | D        | Reached skill level 1 in Stealth
  1155 | D        | Found Zogothryr's Antique Weapon Boutique.
  1169 | D        | Noticed a shining eye
  1169 | D        | Noticed a shining eye
  1169 | D        | Noticed a shining eye
  1173 | D        | Paralysed by a floating eye for 2 turns
  1177 | D        | Paralysed by a floating eye for 4 turns
  1181 | D        | Reached ****** piety under Trog
  1181 | D        | Received a gift from Trog
  1185 | D        | Killed a shining eye
  1186 | D        | Reached skill level 18 in Polearms
  1190 | D        | Gained mutation: Your spells are a little easier to cast,
                  | but a little less powerful. [a shining eye]
  1191 | D        | Gained mutation: Armour fits poorly on your strangely
                  | shaped body. [a shining eye]
  1193 | D        | Killed a shining eye
  1194 | D        | Gained mutation: Scrolls take you a little longer to read.
                  | [a shining eye]
  1197 | D        | Killed a shining eye
  1239 | D        | Noticed a shining eye
  1239 | D        | Noticed a shining eye
  1239 | D        | Noticed a shining eye
  1239 | D        | Gained mutation: Your body sometimes deteriorates upon
                  | taking damage. [a shining eye]
  1278 | D        | Gained mutation: Your spells are easier to cast, but less
                  | powerful. [a shining eye]
  1279 | D        | Killed a shining eye
  1280 | D        | Noticed a shining eye
  1280 | D        | Noticed a shining eye
  1280 | D        | Paralysed by a floating eye for 4 turns
  1280 | D        | Gained mutation: You are dopey. (Int -2) [a shining eye]
  1281 | D        | Gained mutation: Scrolls take you longer to read. [a
                  | shining eye]
  1281 | D        | Killed a shining eye
  1283 | D        | Killed a shining eye
  1357 | D        | Killed a gargoyle
  2617 | D        | Killed a shining eye
  2617 | D        | Received a gift from Trog
  2618 | D        | Reached skill level 19 in Polearms
  2618 | D        | Reached skill level 10 in Dodging
  2623 | D        | Killed a shining eye
  2640 | D        | Found Wamy's General Store.
  2640 | D        | Found Rycoss's Assorted Antiques.
  2640 | D        | Found Erosobb's General Store.
  2640 | D        | Found Jipil's Armour Emporium.
  2723 | D        | Noticed a gargoyle
  2736 | D        | Killed a gargoyle
  2737 | D        | Reached XP level 11. HP: 116/116 MP: 10/10
  2778 | D        | Noticed a lindwurm
  2787 | D        | Killed a lindwurm
  2843 | D        | Bought a scarf of invisibility for 144 gold pieces
  2843 | D        | Bought the +3 warlock's mirror {reflect} for 480 gold
                  | pieces
  2843 | D        | Found the +3 warlock's mirror {reflect}
  2850 | D        | Bought a potion of degeneration for 13 gold pieces
  2888 | D        | Found Kushryr's Armour Emporium.
  2895 | D        | Bought the +2 pair of gloves of Darkness {Str+4} for 328
                  | gold pieces
  2944 | D        | Reached skill level 1 in Short Blades
  2953 | D        | Received a gift from Trog
  2959 | D        | Reached skill level 1 in Shields
  2972 | D        | Reached skill level 20 in Polearms
  2983 | D        | Received a gift from Trog
  3132 | D        | Noticed a 12-headed hydra
  3134 | D        | Paralysed by a floating eye for 4 turns
  3136 | D        | HP: 8/175 [12-headed hydra (6)]
  3136 | D        | Slain by a 12-headed hydra

Illustrated notes

Levels and vault maps discovered:
D:        dungeon_sprint_1 [red_sonja_temple_1, red_sonja_temple_small_1]

Skill      XL: |  1  2  3  4  5  6  7  8  9 10 11 |
---------------+----------------------------------+-----
Fighting       | 5 7 9 10 11 13 14 15 16 17 | 17.2
Polearms       | 5 7 9 10 12 13 15 17 19 20 | 20.0
Armour         | 3 4 5 6 7 8 10 12 13 | 13.0
Dodging        | 3 4 5 6 7 8 9 10 | 10.4
Stealth        | 2 |  2.7
Short Blades   | 4 |  4.8
Shields        | 2 |  2.1

Action                   |  1- 3 |  4- 6 |  7- 9 | 10-12 || total
-------------------------+-------+-------+-------+-------++-------
Melee: Spear             |    18 |     5 |       |       ||    23
       Headbutt          |     3 |     5 |     6 |    21 ||    35
       Scythe            |       |    10 |    35 |    25 ||    70
       Rapier            |       |       |       |    64 ||    64
       Glaive            |       |       |       |    13 ||    13
Invok: Berserk           |     2 |     3 |     4 |     4 ||    13
       Brothers in Arms  |       |       |       |     1 ||     1
Armor: Animal skin       |     1 |       |       |       ||     1
       Scale mail        |       |     6 |    24 |    31 ||    61
Dodge: Dodged            |     5 |     2 |    32 |    55 ||    94
Block: Buckler           |       |       |       |    13 ||    13

Table legend: (Time is in decaauts)
 A = Elapsed time spent in this place.
 B = Non-inter-level travel time spent in this place.
 C = Inter-level travel time spent in this place.
 D = Time resting spent in this place.
 E = Time spent auto-exploring this place.
 F = Levels seen in this place.
 G = Mean time per level.
                   A        B        C        D        E       F      G
               +--------+--------+--------+--------+--------+-----+--------+
         Total |   3259 |   3171 |     88 |   2279 |    109 |   1 | 3259.0 |
       Dungeon |   3259 |   3171 |     88 |   2279 |    109 |   1 | 3259.0 |
               +--------+--------+--------+--------+--------+-----+--------+

Top non-repeatable levels by time:
       D: 3259 daAuts
